 Dungeon Crawl Stone Soup version 0.16.1-11-g651b585 (webtiles) character file.

54 KarvaRausku the Conjurer (level 3, 0/26 HPs)
             Began as a Draconian Conjurer on Apr 7, 2015.
             Was an Initiate of Sif Muna.
             Shot with an arrow by a centaur (7 damage)
             ... on level 3 of the Dungeon.
             The game lasted 00:08:24 (2339 turns).

KarvaRausku the Conjurer (Draconian Conjurer)       Turns: 2339, Time: 00:08:24

Health: 0/26       AC:  7    Str: 10    XL:     3   Next: 66%
Magic:  2/6        EV: 12    Int: 16    God:    Sif Muna [......]
Gold:   141        SH:  0    Dex: 11    Spells: 3 memorised, 1 level left

rFire  . . .     SeeInvis .     (no weapon)
rCold  . . .     Clarity  .     (armour unavailable)
rNeg   . . .     SustAb   .     (no shield)
rPois  .         Gourm    .     (helmet restricted)
rElec  .         Spirit   .     h - +0 cloak
rCorr  .         Warding  .     (no gloves)
rMut   .         Stasis   .     i - +0 pair of boots
MR     .....                    (no amulet)
Stlth  ++........               (no ring)
                                (no ring)

@: drained, not resistant to hostile enchantments, unstealthy
A: unfitting armour, cold-blooded, AC +5
a: Renounce Religion


You were on level 3 of the Dungeon.
You worshipped Sif Muna.
Sif Muna was noncommittal.
You were very hungry.

You visited 1 branch of the dungeon, and saw 3 of its levels.

You collected 141 gold pieces.

Inventory:

Armour
 h - a +0 cloak (worn)
 i - a +0 pair of boots (worn)
Jewellery
 a - an uncursed ring of fire {unknown}
 f - an uncursed amulet of faith {unknown}
Scrolls
 d - 2 scrolls of amnesia {unknown}
 e - a scroll of magic mapping {unknown}
 g - a scroll of immolation {unknown}
 j - a scroll of noise
 k - a scroll of fog {unknown}
 m - 2 scrolls of fear {unknown}
 n - a scroll of random uselessness {unknown}
 o - a scroll of identify {unknown}
 q - 2 scrolls of remove curse {unknown}
 t - a scroll of enchant weapon {unknown}
Potions
 l - a potion of might {unknown}
 p - a potion of heal wounds {unknown}
 s - a potion of mutation {unknown}
 u - a potion of curing {unknown}
Books
 c - a book of Conjurations

   Spells                             Type                      Level
   a - Magic Dart                     Conjuration                  1
   b - Searing Ray                    Conjuration                  2
   c - Dazzling Spray                 Conjuration/Hexes            3
   d - Fulminant Prism                Conjuration/Hexes            4
   e - Iskenderun's Mystic Blast      Conjuration                  4
   f - Iskenderun's Battlesphere      Conjuration/Charms           5
Comestibles
 b - a bread ration
 r - 2 meat rations


   Skills:
 + Level 2.0(1.7) Dodging
 + Level 2.3(2.0) Stealth
 * Level 2.9(2.6) Spellcasting
 + Level 4.3(4.0) Conjurations
 * Level 0.1(0.0) Hexes


You had one spell level left.
You knew the following spells:

 Your Spells              Type           Power        Failure   Level  Hunger
a - Magic Dart            Conj           ###.         4%          1    #......
b - Searing Ray           Conj           ###...       8%          2    ##.....
c - Dazzling Spray        Conj/Hex       #.......     28%         3    ###....


Dungeon Overview and Level Annotations

Branches:
Dungeon (3/15)

Altars:
Sif Muna
Zin


Innate Abilities, Weirdness & Mutations

Your plain brown scales are hard (AC +5).
Your body does not fit into most forms of armour.
Your cold-blooded metabolism reacts poorly to cold.


Message History

The searing ray misses the centaur.
The searing ray misses the adder.
The centaur closely misses you.
The centaur hits you but does no damage.
The searing ray misses the centaur.
The searing ray hits the adder.
The adder is almost dead.
The centaur hits you. The centaur hits you! The centaur closely misses you.
Casting: Searing Ray
Confirm with . or Enter, or press ? or * to list all spells.
Okay, then.
The centaur wields a shortbow.
The centaur shoots an arrow.
The arrow hits you but does no damage.
Things that are here:
an arrow; 5 tomahawks The centaur shoots an arrow.
The arrow hits you!
* * * LOW HITPOINT WARNING * * *
You see here an arrow.
The centaur shoots an arrow.
The arrow misses you.
The centaur shoots an arrow.
The arrow hits you!
You die...

##.#####......##...##
.#......#.####....###
.[.......#.# ######
..........#.#
........#.#
#......#[#
#.#.$....#.#
#...$....#.#
##.#+#####@# #.(...#
#c##### #.# #c# ...
#####


You could see a centaur.

Vanquished Creatures
  An adder (D:2)
  3 giant cockroaches
  5 goblins
  5 hobgoblins
  An ooze (D:3)
  11 bats
  5 giant newts
  5 kobolds
  5 rats
41 creatures vanquished.

Notes
Turn   | Place    | Note
--------------------------------------------------------------
     0 | D:1      | KarvaRausku, the Draconian Conjurer, began the quest for the Orb.
     0 | D:1      | Reached XP level 1. HP: 14/14 MP: 3/3
     6 | D:1      | Noticed a wolf
     6 | D:1      | Noticed a worker ant
     6 | D:1      | Noticed a swamp drake
     6 | D:1      | Noticed a salamander
   275 | D:1      | Reached XP level 2. HP: 17/20 MP: 0/5
  1046 | D:1      | Reached XP level 3. HP: 26/26 MP: 1/6
  1334 | D:2      | Learned a level 2 spell: Searing Ray
  1338 | D:2      | Learned a level 3 spell: Dazzling Spray
  1352 | D:2      | Found a deep blue altar of Sif Muna.
  1358 | D:2      | Became a worshipper of Sif Muna the Loreminder
  2232 | D:3      | Found a glowing silver altar of Zin.
  2327 | D:3      | Noticed a centaur
  2339 | D:3      | Shot with an arrow by a centaur

Action                   || total
-------------------------++-------
Melee: Unarmed           ||    62
 Cast: Magic Dart        ||    77
       Searing Ray       ||     5
  Use: Scroll            ||     3
  Eat: Chunk             ||     4
